 Dungeon Crawl Stone Soup version 0.30-a0-596-g0af90f9a20 (webtiles) character file.

Game seed: 2150980446003520468

11657 Newt the Carver (level 11, -13/86 HPs)
             Began as a Demonspawn Gladiator on Jan 7, 2023.
             Was an Elder of Qazlal.
             Mangled by a catoblepas (28 damage)
             ... on level 3 of the Lair of Beasts.
             The game lasted 00:17:39 (11808 turns).

Newt the Carver (Demonspawn Gladiator)             Turns: 11808, Time: 00:17:39

Health: -13/86     AC: 11    Str: 17    XL:     11   Next: 52%
Magic:  0/19       EV: 13    Int: 12    God:    Qazlal [****..]
Gold:   574        SH:  5    Dex: 14    Spells: 12/21 levels left

rFire   x . .      SeeInvis .    Q - +5 great sword
rCold   + . .      Faith    .    (shield currently unavailable)
rNeg    . . .      Spirit   +    N - +1 troll leather armour
rPois   .          Reflect  .    (helmet restricted)
rElec   .          Harm     .    l - +0 cloak
rCorr   .          Rampage  .    x - +1 Delatra's gloves {ID++}
Will    .....                    (no boots)
Stlth   +                        t - amulet of guardian spirit
HPRegen 1.14/turn                r - ring of ice
MPRegen 0.32/turn                A - ring of flight

@: flying, repel missiles
A: antennae 2, icy blue scales 1, magic shield, magic regeneration, demonic
magic 1
a: Renounce Religion, Upheaval, Elemental Force


You were on level 3 of the Lair of Beasts.
You worshipped Qazlal.
Qazlal was greatly pleased with you.
You visited 2 branches of the dungeon, and saw 14 of its levels.

You collected 669 gold pieces.
You spent 95 gold pieces at shops.

Inventory:

Hand Weapons
 a - a +0 rapier
 o - a +1 long sword of draining
 s - a +1 great mace of protection
 M - a +0 dagger of venom
 Q - a +5 great sword (weapon)
Missiles
 d - a throwing net
 e - a javelin
 n - 17 poisoned darts
 y - 2 boomerangs
 F - 3 curare-tipped darts
Armour
 b - a +0 leather armour
 c - a +0 helmet
 h - a +0 scale mail
 l - a +0 cloak (worn)
 p - a +1 leather armour of willpower
 x - the +1 Delatra's gloves (worn) {ID++}
   (You found it on level 3 of the Dungeon)

   It heals its wearer when they drink unknown potions.
   It restores its wearer's MP when they read unknown scrolls.
 N - a +1 troll leather armour (worn)
Jewellery
 r - a ring of ice (left hand)
 t - an amulet of guardian spirit (around neck)
 A - a ring of flight (right hand)
Wands
 H - a wand of polymorph (11)
 I - a wand of acid (1)
 L - a wand of flame (44)
 O - a wand of paralysis (13)
 P - a wand of roots (1)
Scrolls
 q - 2 scrolls of fog
 u - a scroll of vulnerability
 v - a scroll of immolation
 C - 3 scrolls of poison
 D - 2 scrolls of blinking
 G - 3 scrolls of teleportation
 J - a scroll of butterflies
Potions
 f - a potion of cancellation
 g - a potion of degeneration
 i - 2 potions of attraction
 k - 2 potions of mutation
 m - 4 potions of curing
 w - 4 potions of might
 z - a potion of brilliance
 E - 3 potions of haste
 K - 3 potions of flight {unknown}
 R - a potion of berserk rage {unknown}


   Skills:
 - Level 8.0 Fighting
 - Level 2.6(6.1) Short Blades
 - Level 8.7(9.0) Long Blades
 - Level 1.7 Throwing
 - Level 4.0 Armour
 - Level 5.1 Dodging
 - Level 2.0 Stealth
 + Level 5.5 Spellcasting
 - Level 5.0 Hexes
 + Level 2.0 Transmutations
 + Level 5.5 Ice Magic
 - Level 5.0 Invocations
 - Level 4.0 Evocations


You had 12 spell levels left.
You knew the following spells:

 Your Spells              Type           Power      Damage    Failure   Level
a - Freeze                Ice            96%        1d10      2%          1
b - Ensorcelled Hibernat  Hex/Ice        46%        N/A       4%          2
c - Frozen Ramparts       Ice            48%        1d8       7%          3
d - Hailstorm             Conj/Ice       14%        3d5       22%         3

Your spell library contained the following spells:

 Spells                   Type           Power      Damage    Failure   Level
 Ozocubu's Armour         Ice            24%        N/A       7%          3
 Beastly Appendage        Tmut           16%        N/A       10%         1
 Wereblood                Tmut           8%         N/A       16%         2
 Passwall                 Tmut/Erth      4%         N/A       22%         2
 Inner Flame              Hex/Fire       9%         N/A       24%         3
 Blink                    Tloc           6%         N/A       34%         2
 Momentum Strike          Conj/Tloc      6%         3d8       34%         2
 Sublimation of Blood     Necr           3%         N/A       34%         2
 Spider Form              Tmut/Pois      5%         N/A       41%         3
 Ice Form                 Ice/Tmut       18%        N/A       43%         4
 Ignite Poison            Fire/Tmut/Pois 4%         N/A       45%         3
 Gell's Gravitas          Tloc           3%         N/A       56%         3
 Kindle Blastsparks       Fire/Tloc/Air  6%         2d10      56%         3
 Lesser Beckoning         Tloc           6%         N/A       56%         3
 Swiftness                Air            3%         N/A       56%         3
 Teleport Other           Tloc           3%         N/A       56%         3
 Summon Ice Beast         Ice/Summ       14%        N/A       58%         4
 Petrify                  Tmut/Erth      5%         N/A       83%         4
 Animate Dead             Necr           3%         N/A       92%         4
 Flame Wave               Conj/Fire      3%         2d5       92%         4
 Sticky Flame             Conj/Fire      3%         2d3       92%         4
 Freezing Cloud           Conj/Ice/Air   5%         6-21      96%         5
 Irradiate                Conj/Tmut      2%         3d12      99%         5
 Haunt                    Necr/Summ      1%         N/A       100%        7
 Ozocubu's Refrigeration  Ice            12%        4d10      100%        7
 Infestation              Necr           1%         N/A       100%        8


Dungeon Overview and Level Annotations

Branches:
Dungeon (10/15)            Temple (0/1) D:4            Lair (4/5) D:9
  Slime (0/5) Lair:4
  Swamp: Lair:2-3    Shoals: Lair:2-3     Snake: Lair:2-3    Spider: Lair:2-3
    Orc: D:9-12

Altars:
Gozag
Hepliaklqana
Kikubaaqudgha
Makhleb
Nemelex Xobeh
Okawaru
Qazlal
Ru
Sif Muna
Vehumet
Wu Jian
Jiyva

Shops:
D:3 [*(   D:8 (


Innate Abilities, Weirdness & Mutations

You have a pair of antennae on your head.
You are partially covered in icy blue scales. (AC +2)
When hurt, damage is shared between your health and your magic reserves.
You regenerate magic rapidly.
Spells you cast may paralyse adjacent enemies.


Message History

The wall freezes the catoblepas.
You block the catoblepas's attack.
The wall freezes the blink frog.
The blink frog seems to slow down.
You barely miss the catoblepas.
The catoblepas is moderately wounded.
The wall freezes the blink frog.
The blink frog blinks!
The wall freezes the catoblepas but does no damage.
The catoblepas breathes a plume of calcifying dust at you.
The blast of calcifying dust hits you.
The wall freezes the catoblepas but does no damage.
The catoblepas barely misses you.
You slice the catoblepas!!
The catoblepas is heavily wounded.
The blink frog blinks!
The wall freezes the catoblepas but does no damage.
The catoblepas gores you!
The wall freezes the blink frog!
You completely miss the catoblepas.
The catoblepas is heavily wounded.
The wall freezes the blink frog.
You block the blink frog's attack.
The wall freezes the catoblepas but does no damage.
The catoblepas misses you.
You slash the catoblepas!
The catoblepas is severely wounded.
The blink frog is no longer moving slowly.
The wall freezes the blink frog.
The blink frog barely misses you.
The wall freezes the catoblepas.
The catoblepas gores you!
The wall freezes the blink frog!
The blink frog blinks!
The wall freezes the blink frog.
The blink frog hits you!
* * * LOW HITPOINT WARNING * * *
The blink frog blinks!
The wall freezes the catoblepas but does no damage.
The catoblepas gores you!
* * * LOW HITPOINT WARNING * * *
You feel much better.
The frozen ramparts melt away.
You block the blink frog's attack. The catoblepas gores you!!
* * * LOW HITPOINT WARNING * * *
As you read the scroll of fear, it crumbles to dust.
You assume a fearsome visage.
The blink frog looks frightened! x3
The catoblepas resists with almost no effort.
The blink frog blinks! x4; The catoblepas gores you!!
You die...

#....#
.....
##..F##
#..§..#
#.....#
..§.#
##§..#
#@§§.#
##Y°.#
.§☼.#
#P...#
#P§...#
#....##
##...P
#....#


You could see a catoblepas and a blink frog (fleeing).

Vanquished Creatures
  A cane toad (Lair:1)
  2 rime drakes
  2 komodo dragons
  2 unseen horror zombies (D:9)
  A troll (D:8)
  2 polar bears
  4 blink frogs (Lair:4)
  Sigmund (D:6)
  A wyvern (D:9)
  8 yaks
  Grum (D:8)
  3 basilisks
  2 steam dragons
  Menkaure (D:5)
  7 water moccasins
  3 orc warriors
  A sky beast (D:7)
  2 black bears
  6 ice beasts
  An ogre (D:5)
  2 centaurs
  13 wolves
  A boggart (Lair:4)
  A phantom (D:5)
  A kobold brigand (D:7)
  2 scorpions
  7 bullfrogs
  2 necrophages
  13 wights
  4 killer bees (D:9)
  6 howler monkeys
  6 centaur zombies (D:9)
  2 jellies (D:7)
  4 orc priests
  2 hounds
  Jessica (D:3)
  2 iguanas
  6 orc wizards
  4 hell rats (Lair:4)
  A killer bee zombie (D:9)
  A howler monkey zombie (D:9)
  2 adders
  3 gnolls (D:4)
  2 shadow imps
  3 white imps (D:6)
  A worm (D:4)
  2 dart slugs
  32 orcs
  6 bats
  6 endoplasms
  3 giant cockroaches
  A goblin (D:3)
  6 hobgoblins
  7 jackals
  8 quokkas
  7 ball pythons
  2 frilled lizards (D:2)
  14 kobolds
  5 rats
242 creatures vanquished.

Vanquished Creatures (others)
  An orc priest (D:6)
  2 fungi
  4 plants (Lair:4)
  6 withered plants (D:9)
13 creatures vanquished.

Grand Total: 255 creatures vanquished

Notes
Turn   | Place    | Note
-------+----------+-------------------------------------------
     0 | D:1      | Newt the Demonspawn Gladiator began the quest for the Orb.
     0 | D:1      | Reached XP level 1. HP: 16/16 MP: 1/1
   208 | D:1      | Reached skill level 1 in Stealth
   260 | D:1      | Gained mutation: You are partially covered in icy blue
                  | scales. (AC +2) [demonic ancestry]
   260 | D:1      | Reached XP level 2. HP: 21/22 MP: 2/2
   756 | D:1      | Reached XP level 3. HP: 28/28 MP: 3/3
  1504 | D:2      | Found an ornate altar of the Wu Jian Council.
  1591 | D:3      | Found Ycuath's Armour Boutique.
  1611 | D:3      | Found a shimmering blue altar of Sif Muna.
  1655 | D:3      | Gained mutation: You regenerate magic rapidly. [demonic
                  | ancestry]
  1655 | D:3      | Reached XP level 4. HP: 17/37 MP: 4/4
  1881 | D:3      | Found Ehuttoac's Assorted Antiques.
  2081 | D:3      | Found a radiant altar of Vehumet.
  2212 | D:3      | Bought a tiny pearl amulet for 95 gold pieces
  2334 | D:3      | Found Lahowk's Antique Weapon Shop.
  2337 | D:3      | Found an iron altar of Okawaru.
  2339 | D:3      | Noticed Jessica
  2348 | D:3      | Killed Jessica
  2365 | D:3      | Found a stormy altar of Qazlal.
  2366 | D:3      | Found an ancient bone altar of Kikubaaqudgha.
  2402 | D:3      | Found the +1 Delatra's gloves {ID++}
  2413 | D:3      | Reached XP level 5. HP: 42/42 MP: 5/5
  2457 | D:3      | Became a worshipper of Qazlal Stormbringer
  2621 | D:4      | Found an opulent altar of Gozag.
  2798 | D:4      | Found a staircase to the Ecumenical Temple.
  2860 | D:4      | Reached skill level 1 in Long Blades
  3383 | D:5      | Entered Level 5 of the Dungeon
  3517 | D:5      | Gained mutation: When hurt, damage is shared between your
                  | health and your magic reserves. [demonic ancestry]
  3517 | D:5      | Reached XP level 6. HP: 9/48 MP: 4/6
  3748 | D:5      | Noticed Menkaure
  3762 | D:5      | Killed Menkaure
  3914 | D:5      | Reached XP level 7. HP: 27/54 MP: 5/10
  4873 | D:6      | Reached * piety under Qazlal
  4913 | D:6      | Found an ornate altar of the Wu Jian Council.
  4953 | D:6      | Reached skill level 5 in Spellcasting
  4966 | D:6      | Reached XP level 8. HP: 55/61 MP: 13/15
  5019 | D:5      | Reached skill level 5 in Fighting
  5406 | D:5      | Reached skill level 1 in Armour
  5729 | D:6      | Found a sacrificial altar of Ru.
  5792 | D:6      | Noticed Sigmund
  5800 | D:6      | Killed Sigmund
  5821 | D:6      | Learned a level 1 spell: Freeze
  5824 | D:6      | Learned a level 2 spell: Ensorcelled Hibernation
  5828 | D:6      | Learned a level 3 spell: Frozen Ramparts
  6100 | D:6      | Reached skill level 1 in Evocations
  6711 | D:6      | Found a hazy altar of Hepliaklqana.
  6841 | D:7      | Gained mutation: You have a pair of small antennae on your
                  | head. [demonic ancestry]
  6841 | D:7      | Reached XP level 9. HP: 56/69 MP: 13/16
  7016 | D:7      | Reached skill level 5 in Ice Magic
  7820 | D:7      | Learned a level 3 spell: Hailstorm
  8243 | D:8      | Found Cosesato's Antique Weapon Shop.
  8376 | D:8      | Noticed a troll
  8382 | D:8      | Killed a troll
  8383 | D:8      | Reached skill level 5 in Hexes
  8568 | D:8      | Noticed Grum
  8581 | D:8      | Reached ** piety under Qazlal
  8587 | D:8      | Killed Grum
  8881 | D:8      | Gained mutation: You have a pair of antennae on your head.
                  | [demonic ancestry]
  8881 | D:8      | Reached XP level 10. HP: 71/75 MP: 12/17
  8977 | D:9      | Reached skill level 5 in Long Blades
  9457 | D:9      | Found a burning altar of Makhleb.
  9457 | D:9      | Noticed a blizzard demon
  9482 | D:10     | Entered Level 10 of the Dungeon
  9612 | D:9      | Reached skill level 5 in Invocations
  9625 | D:9      | Reached *** piety under Qazlal
  9889 | D:9      | Found a sparkling altar of Nemelex Xobeh.
 10078 | D:9      | Found a staircase to the Lair.
 10378 | Lair:1   | Entered Level 1 of the Lair of Beasts
 10400 | Lair:1   | Gained mutation: Spells you cast may paralyse adjacent
                  | enemies. [demonic ancestry]
 10400 | Lair:1   | Reached XP level 11. HP: 67/86 MP: 13/18
 11408 | Lair:2   | You are sucked into a shaft and drop 2 floors!
 11415 | Lair:4   | Reached **** piety under Qazlal
 11529 | Lair:4   | Noticed a seven-headed hydra
 11599 | Lair:4   | Reached skill level 5 in Dodging
 11745 | Lair:4   | Found a viscous altar of Jiyva.
 11746 | Lair:4   | Found a staircase to the Slime Pits.
 11757 | Lair:4   | Reached skill level 1 in Transmutations
 11792 | Lair:3   | Noticed a catoblepas
 11808 | Lair:3   | Mangled by a catoblepas

Illustrated notes

Levels and vault maps discovered:
D:1:      nicolae_arrival_somewhat_less_tricky_arrival, layout_loops_ring
D:2:      layout_basic, basic_altar, nicolae_eternal_life
D:3:      minmay_spotlight, layout_basic, nicolae_vehumet_altar_sigil,
          mainiacjoe_overflow_cross_hatched, minitemple, serial_shops,
          shop_fountains, shop, nicolae_shop_temple_entry_statues_fountains,
          nicolae_shop_temple_entry_statues_fountains, nicolae_lakefront_shop,
          uniq_jessica
D:4:      layout_basic, grunt_gozag_breadcrumbs, minmay_temple_entry_offerings
D:5:      layout_basic, uniq_menkaure
D:6:      layout_basic, nicolae_wu_jian_wuxing_cycle,
          nicolae_hepliaklqana_hippocampus, nicolae_ru_the_path_less_chosen,
          uniq_sigmund
D:7:      layout_basic
D:8:      layout_basic, serial_shops, shop, uniq_grum
D:9:      layout_cross, makhleb_altar_promises_db, mainiacjoe_overflow_paths,
          hellmonk_lair_entry_icy, serial_undead, serial_undead_e,
          serial_undead_a, serial_undead_a, serial_undead_b, serial_undead_f,
          serial_undead_d, minmay_between
D:10:     layout_layer_cave
Lair:1:   layout_regular_city, serial_bayou_shore_a, serial_bayou_shore_b
Lair:2:   layout_gridlike, lemuel_fruit_fields, infiniplex_staircase_pool
Lair:3:   layout_long_grid, palyth_hydra_swamp_entry,
          guppyfry_snake_entry_garden, chequers_serial_rivers_micro_d,
          grunt_megastairs_5, infiniplex_staircase_pool_2
Lair:4:   layout_gridlike, slime_entry_1, kilobyte_rumbling_trees

Skill      XL: |  1  2  3  4  5  6  7  8  9 10 11 |
---------------+----------------------------------+-----
Stealth        | 1 2 |  2.0
Fighting       | 4 6 8 |  8.0
Dodging        | 3 4 5 |  5.1
Long Blades    | 2 3 4 7 8 |  8.7
Spellcasting   | 2 5 |  5.5
Armour         | 4 |  4.0
Evocations     | 4 |  4.0
Ice Magic      | 5 |  5.5
Hexes          | 5 |  5.0
Invocations    | 5 |  5.0
Transmutations | 2 |  2.0
Short Blades   | |  2.6
Throwing       | |  1.7

Action                   |  1- 3 |  4- 6 |  7- 9 | 10-12 || total
-------------------------+-------+-------+-------+-------++-------
Melee: Rapier            |   172 |     8 |       |       ||   180
       Long sword        |       |   128 |   329 |   189 ||   646
       Punch             |       |     1 |     7 |     1 ||     9
       Great sword       |       |       |       |   162 ||   162
Throw: Javelin           |     1 |       |       |       ||     1
       Throwing net      |       |     3 |     1 |       ||     4
 Cast: Ensorcelled Hiber |       |       |     5 |    13 ||    18
       Frozen Ramparts   |       |       |     3 |     7 ||    10
       Hailstorm         |       |       |     3 |     1 ||     4
Evoke: Wand              |       |       |     1 |       ||     1
  Use: Scroll            |     2 |     9 |     7 |     6 ||    24
       Potion            |       |     4 |     5 |     1 ||    10
 Stab: Sleeping          |     4 |     2 |     1 |     6 ||    13
       Held in net/web   |       |       |     3 |       ||     3
       Paralysed         |       |       |       |     8 ||     8
Armor: Leather armour    |    61 |    39 |   154 |       ||   254
       Skin              |       |    10 |       |       ||    10
       Troll leather arm |       |       |    17 |   310 ||   327
Dodge: Dodged            |   126 |    83 |   302 |   528 ||  1039
Block: Other             |       |       |    31 |   132 ||   163

Table legend: (Time is in decaauts)
 A = Elapsed time spent in this place.
 B = Non-inter-level travel time spent in this place.
 C = Inter-level travel time spent in this place.
 D = Time resting spent in this place.
 E = Time spent auto-exploring this place.
 F = Levels seen in this place.
 G = Mean time per level.
                   A        B        C        D        E       F      G
               +--------+--------+--------+--------+--------+-----+--------+
         Total |  11996 |  11657 |    339 |   3031 |   6277 |  14 |  856.9 |
       Dungeon |  10529 |  10208 |    321 |   2787 |   5488 |  10 | 1052.9 |
          Lair |   1467 |   1449 |     18 |    244 |    789 |   4 |  366.8 |
               +--------+--------+--------+--------+--------+-----+--------+

Top non-repeatable levels by time:
     D:5: 2099 daAuts
     D:7: 1466 daAuts
     D:6: 1327 daAuts
     D:9: 1194 daAuts
     D:1: 979 daAuts
     D:8: 960 daAuts
     D:4: 927 daAuts
     D:3: 904 daAuts
  Lair:1: 770 daAuts
     D:2: 612 daAuts
  Lair:4: 391 daAuts
  Lair:2: 281 daAuts
    D:10: 54 daAuts
  Lair:3: 23 daAuts
